 Dungeon Crawl Stone Soup version 0.29.1-2-gbd0b4ee654 (webtiles) character file.

Game seed: 11161363078661361083

30 hawla the Chiller (level 3, -1/21 (26) HPs)
             Began as a Meteoran Ice Elementalist on Oct 26, 2022.
             Killed from afar by a dart slug (4 damage)
             ... with a slug dart
             ... on level 2 of the Dungeon.
             The game lasted 00:04:07 (744 turns).

hawla the Chiller (Meteoran Ice Elementalist)        Turns: 744, Time: 00:04:08

HP:   -1/21 (26)    AC:  3    Str:  8 (9)  XL:     3   Next: 58%
MP:   0/8           EV: 12    Int: 16 (18) God:
Gold: 84            SH:  0    Dex: 12 (15) Spells: 4/8 levels left

rFire   . . .      SeeInvis .   (no weapon)
rCold   . . .      Faith    .   (no shield)
rNeg    . . .      Spirit   .   a - +1 robe
rPois   .          Reflect  .   (no helmet)
rElec   .          Harm     .   (no cloak)
rCorr   .          Rampage  .   (no gloves)
Will    .....                   (no boots)
Stlth   +.........              (no amulet)
HPRegen 0.07/turn               (no ring)
MPRegen 0.11/turn               (no ring)

@: attractive, glowing, heavily drained
A: sense surroundings 1, otherworldly, glowing, explore regen
a: no special abilities


You were on level 2 of the Dungeon.
You visited 1 branch of the dungeon, and saw 2 of its levels.

You collected 84 gold pieces.

Inventory:

Armour
 a - a +1 robe (worn)
Jewellery
 g - a ring of positive energy


   Skills:
 + Level 0.2 Fighting
 + Level 2.7 Dodging
 - Level 1.4 Stealth
 + Level 3.2 Spellcasting
 + Level 5.1 Ice Magic


You had 4 spell levels left.
You knew the following spells:

 Your Spells              Type           Power      Damage    Failure   Level
a - Freeze                Ice            72%        1d9       2%          1
b - Frozen Ramparts       Ice            36%        1d6       7%          3

Your spell library contained the following spells:

 Spells                   Type           Power      Damage    Failure   Level
 Ozocubu's Armour         Ice            18%        N/A       7%          3
 Hailstorm                Conj/Ice       10%        3d5       54%         4


Dungeon Overview and Level Annotations

Branches:
Dungeon (2/15) Zot: 655

Altars:


Innate Abilities, Weirdness & Mutations

You passively map a small area around you.
You are easily found by Zot.
You glow in the dark.
You regain HP and MP as you explore.


Message History

Casting: Frozen Ramparts (quite dangerous; 6% risk of failure)
Confirm with . or Enter, or press ? or * to list all spells.
Aiming: Freeze (safe; 1% risk of failure)
Press: ? - help, Shift-Dir - straight line, f - dart slug
Aim: a dart slug You freeze the dart slug.
The dart slug is moderately wounded.
You feel better. The dart slug launches a dart at you. The slug dart hits you.
The bat barely misses you.
Your magical contamination has completely faded away.
You hit the dart slug.
The dart slug is heavily wounded.
The bat hits you but does no damage. The dart slug launches a dart at you.
The slug dart hits you.
* * * LOW HITPOINT WARNING * * *
Casting: Freeze (safe; 1% risk of failure)
Confirm with . or Enter, or press ? or * to list all spells.
Aiming: Freeze (safe; 1% risk of failure)
Press: ? - help, Shift-Dir - straight line, f/p - dart slug
Aim: a dart slug (heavily wounded)
You freeze the dart slug.
The dart slug is almost dead.
The bat hits you but does no damage. The dart slug launches a dart at you.
The slug dart hits you.
* * * LOW HITPOINT WARNING * * *
It was a potion of degeneration.
There was something very wrong with that liquid.
You feel weakened.
You feel dopey.
You feel clumsy. The bat completely misses you.
It was a potion of attraction.
You feel attractive to monsters. The bat barely misses you.
The dart slug barely misses you. The bat is attracted toward you.
The bat hits you but does no damage. The dart slug launches a dart at you.
The slug dart hits you.
You die...

, * #. ....
#.#..?# , , *
#.....#,* , * #
#..#..# ,,
#.#..#?.# * *
#.#.....# ,
#....#ยง########
#..b.@......# *
##.#.w(.....#
#.###......#
#..........# ,
######.....#
#...........#
#.......###.#
*#.......###.# ,
..........#.#


You could see a dart slug and a bat.

Vanquished Creatures
  An adder (D:2)
  2 bats (D:1)
  3 endoplasms
  A goblin (D:1)
  3 hobgoblins
  A jackal (D:1)
  3 kobolds
  2 quokkas
  A ball python (D:1)
  A rat (D:1)
18 creatures vanquished.

Vanquished Creatures (others)
  A plant (D:1)
1 creature vanquished.

Grand Total: 19 creatures vanquished

Notes
Turn   | Place    | Note
-------+----------+-------------------------------------------
     0 | D:1      | hawla the Meteoran Ice Elementalist began the quest for the
                  | Orb.
     0 | D:1      | Reached XP level 1. HP: 14/14 MP: 5/5
   176 | D:1      | Reached XP level 2. HP: 10/20 MP: 4/6
   500 | D:1      | Glimpsed the power of Zot.
   550 | D:1      | Glimpsed the power of Zot.
   590 | D:1      | Glimpsed the power of Zot.
   599 | D:1      | Touched by the power of Zot.
   681 | D:2      | Reached skill level 5 in Ice Magic
   681 | D:2      | Reached XP level 3. HP: 6/20 MP: 2/8
   691 | D:2      | Learned a level 3 spell: Frozen Ramparts
   744 | D:2      | Killed from afar by a dart slug

Illustrated notes

Levels and vault maps discovered:
D:1:      dpeg_arrival_rooms_with_view, layout_loops_ring, kennysheep_boxes
D:2:      minmay_roachtagon, layout_basic, uniq_jessica, uniq_sigmund,
          uniq_natasha

Skill      XL: |  1  2 |
---------------+-------+-----
Spellcasting   | 3 |  3.2
Ice Magic      | 5 |  5.1
Fighting       | |  0.2
Dodging        | |  2.7
Stealth        | |  1.4

Action                   || total
-------------------------++-------
Melee: Unarmed           ||    23
 Cast: Freeze            ||    27
       Frozen Ramparts   ||     2
  Use: Scroll            ||     2
       Potion            ||     5
Armor: Robe              ||    21
Dodge: Dodged            ||    35
